[ AOE2 MATCH · #477282395 ]
UnrankedGeorgians vs Britons
[ REPLAY ANALYSIS · EXTRACTED FROM THE RECORDED GAME ]
Feudal
10:32
Castle
15:00
Imperial
—
| APM avg | 42.7 |
| APM peak | 144 |
| eAPM avg | 14.5 |
| Villagers / military | 87 / 25 |
Focus
⚔️ 41.1% · 🌾 58.9%
Monaspa ×25
Feudal
9:16
Castle
24:52
Imperial
35:39
| APM avg | 24.1 |
| APM peak | 50 |
| eAPM avg | 14.4 |
| Villagers / military | 93 / 146 |
Focus
⚔️ 29.5% · 🌾 70.5%
Archer ×94 · Spearman ×29 · Longbowman ×20 · Trebuchet (Packed) ×3
Feudal
8:25
Castle
20:31
Imperial
38:28
| APM avg | 36.5 |
| APM peak | 85 |
| eAPM avg | 25.8 |
| Villagers / military | 242 / 281 |
Focus
⚔️ 40.6% · 🌾 59.4%
Knight ×220 · Scout Cavalry ×57 · Steppe Lancer ×4
Feudal
11:24
Castle
14:43
Imperial
—
| APM avg | 27.7 |
| APM peak | 63 |
| eAPM avg | 11.3 |
| Villagers / military | 65 / 54 |
Focus
⚔️ 28.7% · 🌾 71.3%
Camel Scout ×29 · Knight ×25
Feudal
9:54
Castle
24:27
Imperial
40:01
| APM avg | 31.2 |
| APM peak | 71 |
| eAPM avg | 18.7 |
| Villagers / military | 106 / 54 |
Focus
⚔️ 26.1% · 🌾 73.9%
Archer ×35 · Battering Ram ×7 · Bombard Cannon ×6 · Monk ×2 · Mameluke ×2 · Spearman ×2
Feudal
13:26
Castle
17:21
Imperial
46:03
| APM avg | 16.8 |
| APM peak | 37 |
| eAPM avg | 12.2 |
| Villagers / military | 103 / 283 |
Focus
⚔️ 46.2% · 🌾 53.8%
Spearman ×135 · Samurai ×123 · Battering Ram ×23 · Trebuchet (Packed) ×2
Match map
Initial resources + every placement click. Lines = walls · curves = elevation contours. ◆ gold · ⬟ stone · ● berries · ✦ relic · ◌ wall gap
Your base· ✓ Closed at 15:00 · 0t walls · 3 gate(s)
香港招商局陳局長's base· ✓ Closed at 24:52 · 0t walls · 4 gate(s)
Fred's real son's base· ✓ Closed at 20:31 · 4t walls · 2 gate(s)
禱已祈火槍冰's base· ✓ Closed at 14:43 · 0t walls · 4 gate(s)
argum's base· ✓ Closed at 24:27 · 0t walls · 5 gate(s)
香港艾森豪's base· ✓ Closed at 17:21 · 0t walls · 2 gate(s)
Smoothed initial terrain · ◌ = detected wall gap · hover for details
Inputs per minute
— Steven S Lee - - 香港招商局陳局長
Build order — Steven S Lee
First 150 of 216 actions detected
| 0:02 | Build | House |
| 0:03 | Build | House |
| 0:11 | Create | Villager (Male) |
| 0:11 | Create | Villager (Male) |
| 0:38 | Create | Villager (Male) |
| 0:38 | Create | Villager (Male) |
| 1:36 | Create | Villager (Male) |
| 2:28 | Create | Villager (Male) |
| 2:28 | Create | Villager (Male) |
| 2:29 | Create | Villager (Male) |
| 3:06 | Create | Villager (Male) |
| 3:06 | Create | Villager (Male) |
| 3:06 | Create | Villager (Male) |
| 4:11 | Create | Villager (Male) |
| 4:35 | Create | Villager (Male) |
| 4:47 | Research | Loom |
| 4:47 | Research | Loom |
| 4:48 | Build | House |
| 4:49 | Build | House |
| 5:01 | Build | House |
| 5:06 | Create | Villager (Male) |
| 5:06 | Create | Villager (Male) |
| 6:13 | Create | Villager (Male) |
| 6:29 | Create | Villager (Male) |
| 6:30 | Create | Villager (Male) |
| 6:50 | Create | Villager (Male) |
| 7:39 | Build | Mill |
| 7:42 | Create | Villager (Male) |
| 7:45 | Build | Mule Cart |
| 7:55 | Create | Villager (Male) |
| 8:22 | Research | Feudal Age |
| 8:38 | Build | Barracks |
| 9:29 | Create | Villager (Male) |
| 9:30 | Create | Villager (Male) |
| 10:32 | Age | Feudal Age |
| 10:35 | Build | Farm |
| 10:37 | Build | Farm |
| 10:41 | Build | Blacksmith |
| 10:57 | Build | Market |
| 11:00 | Create | Villager (Male) |
| 11:16 | Build | Farm |
| 12:20 | Research | Castle Age |
| 12:33 | Build | Mule Cart |
| 13:15 | Research | Double-Bit Axe |
| 13:30 | Build | Farm |
| 13:36 | Build | Farm |
| 13:51 | Build | House |
| 14:18 | Create | Villager (Male) |
| 14:50 | Build | Stable |
| 15:00 | Age | Castle Age |
| 15:24 | Create | Villager (Male) |
| 15:30 | Build | Farm |
| 15:42 | Build | House |
| 15:46 | Build | House |
| 15:49 | Create | Villager (Male) |
| 15:52 | Build | Farm |
| 16:09 | Research | Horse Collar |
| 16:15 | Create | Villager (Male) |
| 16:22 | Build | Farm |
| 16:37 | Build | Castle |
| 16:41 | Create | Villager (Male) |
| 16:45 | Build | Farm |
| 17:05 | Create | Villager (Male) |
| 17:09 | Build | Farm |
| 17:30 | Create | Villager (Male) |
| 17:35 | Build | Farm |
| 17:54 | Create | Villager (Male) |
| 18:00 | Build | Farm |
| 18:02 | Build | Farm |
| 18:05 | Build | Farm |
| 18:15 | Research | Scale Barding Armor |
| 18:24 | Build | House |
| 18:33 | Create | Villager (Male) |
| 18:38 | Build | Farm |
| 18:42 | Create | Monaspa |
| 18:54 | Create | Villager (Male) |
| 19:01 | Build | Farm |
| 19:03 | Create | Monaspa |
| 19:09 | Build | Farm |
| 19:14 | Build | Farm |
| 19:20 | Create | Villager (Male) |
| 19:35 | Build | Farm |
| 19:45 | Create | Villager (Male) |
| 19:47 | Create | Monaspa |
| 20:03 | Build | Farm |
| 20:04 | Create | Villager (Male) |
| 20:05 | Create | Monaspa |
| 20:17 | Build | Farm |
| 20:25 | Create | Monaspa |
| 20:45 | Create | Villager (Male) |
| 20:49 | Research | Bloodlines |
| 20:54 | Build | Farm |
| 21:04 | Create | Villager (Male) |
| 21:19 | Create | Monaspa |
| 21:35 | Create | Villager (Male) |
| 21:38 | Create | Monaspa |
| 21:54 | Build | Town Center |
| 21:59 | Create | Villager (Male) |
| 22:01 | Create | Monaspa |
| 22:20 | Create | Villager (Male) |
| 22:35 | Research | Chain Barding Armor |
| 22:35 | Research | Chain Barding Armor |
| 22:47 | Create | Villager (Male) |
| 22:55 | Create | Monaspa |
| 22:55 | Create | Monaspa |
| 23:01 | Create | Villager (Male) |
| 23:11 | Create | Monaspa |
| 23:28 | Create | Villager (Male) |
| 23:31 | Build | Farm |
| 23:33 | Build | Farm |
| 23:35 | Create | Villager (Male) |
| 23:36 | Create | Monaspa |
| 23:45 | Create | Monaspa |
| 23:55 | Create | Villager (Male) |
| 23:57 | Build | Farm |
| 23:59 | Build | Farm |
| 24:03 | Create | Villager (Male) |
| 24:30 | Research | Fletching |
| 24:30 | Research | Fletching |
| 24:42 | Create | Villager (Male) |
| 24:43 | Create | Villager (Male) |
| 24:46 | Research | Town Watch |
| 24:47 | Create | Villager (Male) |
| 25:07 | Create | Monaspa |
| 25:59 | Create | Villager (Male) |
| 26:00 | Create | Villager (Male) |
| 26:00 | Create | Villager (Male) |
| 26:19 | Create | Villager (Male) |
| 26:31 | Create | Villager (Male) |
| 26:37 | Build | Town Center |
| 26:47 | Build | Mill |
| 27:00 | Create | Monaspa |
| 27:03 | Research | Forging |
| 27:32 | Create | Monaspa |
| 27:33 | Create | Monaspa |
| 27:34 | Create | Villager (Male) |
| 27:51 | Create | Villager (Male) |
| 27:53 | Create | Monaspa |
| 28:08 | Create | Villager (Male) |
| 28:09 | Build | House |
| 28:09 | Build | House |
| 28:09 | Build | House |
| 28:10 | Build | House |
| 28:10 | Build | House |
| 28:10 | Build | House |
| 28:10 | Build | House |
| 28:15 | Build | Farm |
| 28:16 | Build | Farm |
| 28:16 | Build | Farm |
| 28:16 | Build | Farm |
Build order — 香港招商局陳局長
First 150 of 226 actions detected
| 0:01 | Create | Villager (Male) ×4 |
| 0:03 | Build | House |
| 0:07 | Build | House |
| 1:25 | Create | Villager (Male) |
| 1:48 | Create | Villager (Male) |
| 2:19 | Create | Villager (Male) |
| 2:22 | Build | Lumber Camp |
| 2:41 | Build | House |
| 2:42 | Build | House |
| 2:47 | Create | Villager (Male) |
| 2:53 | Create | Villager (Male) |
| 3:17 | Create | Villager (Male) ×2 |
| 3:53 | Create | Villager (Male) |
| 4:31 | Create | Villager (Male) ×2 |
| 4:50 | Create | Villager (Male) |
| 5:25 | Build | Mill |
| 5:33 | Build | Mill |
| 5:40 | Create | Villager (Male) |
| 5:41 | Research | Loom |
| 6:52 | Research | Feudal Age |
| 7:01 | Build | Mining Camp |
| 7:49 | Build | Barracks |
| 7:53 | Build | House |
| 9:16 | Age | Feudal Age |
| 9:21 | Build | Archery Range |
| 9:24 | Research | Double-Bit Axe |
| 9:26 | Create | Villager (Male) ×5 |
| 9:55 | Build | Archery Range |
| 10:02 | Create | Archer |
| 10:03 | Create | Archer |
| 10:46 | Build | Blacksmith |
| 10:53 | Build | House |
| 10:54 | Create | Archer |
| 10:57 | Create | Villager (Male) |
| 11:11 | Create | Archer |
| 11:11 | Create | Archer |
| 11:20 | Create | Archer |
| 11:27 | Research | Fletching |
| 11:49 | Create | Archer |
| 11:54 | Build | House |
| 11:56 | Build | House |
| 12:07 | Create | Archer |
| 12:10 | Create | Villager (Male) |
| 12:26 | Build | Farm |
| 12:27 | Build | Farm |
| 12:30 | Build | Farm |
| 12:59 | Research | Padded Archer Armor |
| 13:06 | Build | House |
| 13:07 | Build | House |
| 13:09 | Build | House |
| 13:09 | Build | House |
| 13:14 | Create | Archer ×2 |
| 13:15 | Create | Villager (Male) |
| 13:33 | Research | Horse Collar |
| 13:35 | Create | Archer |
| 14:05 | Create | Villager (Male) |
| 14:08 | Build | Farm |
| 14:21 | Create | Archer |
| 14:43 | Create | Archer |
| 14:44 | Create | Villager (Male) ×2 |
| 14:48 | Build | Farm |
| 15:07 | Create | Villager (Male) |
| 15:11 | Build | Farm |
| 15:18 | Build | House |
| 15:19 | Build | House |
| 15:19 | Build | House |
| 15:23 | Create | Archer |
| 15:24 | Create | Villager (Male) ×2 |
| 15:47 | Create | Archer |
| 15:51 | Build | Farm |
| 16:01 | Build | Farm |
| 16:25 | Create | Archer |
| 16:27 | Create | Archer |
| 17:03 | Create | Villager (Male) |
| 17:05 | Build | Farm |
| 17:06 | Build | Farm |
| 17:08 | Create | Villager (Male) |
| 17:18 | Create | Archer |
| 17:18 | Create | Archer |
| 17:19 | Create | Villager (Male) ×5 |
| 17:54 | Create | Archer |
| 17:55 | Create | Villager (Male) |
| 18:00 | Research | Gold Mining |
| 18:13 | Create | Archer |
| 18:40 | Create | Archer ×2 |
| 19:19 | Create | Archer |
| 19:20 | Create | Villager (Male) |
| 19:20 | Create | Villager (Male) |
| 19:23 | Build | Farm |
| 19:23 | Build | Farm |
| 19:23 | Build | Farm |
| 19:31 | Create | Archer |
| 19:40 | Build | House |
| 19:41 | Build | House |
| 19:43 | Build | Farm |
| 19:43 | Build | Farm |
| 19:44 | Build | Farm |
| 19:44 | Build | Farm |
| 19:44 | Build | Farm |
| 19:44 | Build | Farm |
| 19:45 | Build | Farm |
| 19:45 | Build | Farm |
| 19:53 | Create | Archer |
| 20:08 | Create | Archer |
| 20:12 | Create | Villager (Male) |
| 20:16 | Build | Farm |
| 20:25 | Create | Archer |
| 20:52 | Create | Archer |
| 21:08 | Create | Archer ×2 |
| 21:16 | Create | Villager (Male) |
| 21:17 | Build | Mining Camp |
| 21:42 | Build | Market |
| 22:12 | Research | Castle Age |
| 22:22 | Build | Mining Camp |
| 23:02 | Research | Stone Mining |
| 23:18 | Build | Lumber Camp |
| 24:31 | Research | Wheelbarrow |
| 24:52 | Age | Castle Age |
| 24:54 | Research | Bodkin Arrow |
| 24:55 | Research | Leather Archer Armor |
| 24:56 | Research | Crossbowman (upgrade) |
| 25:01 | Build | Town Center |
| 25:14 | Build | Town Center |
| 25:36 | Create | Archer ×5 |
| 25:40 | Create | Villager (Male) ×5 |
| 26:14 | Create | Villager (Male) ×2 |
| 26:21 | Create | Villager (Male) |
| 26:23 | Create | Archer ×5 |
| 26:50 | Build | House |
| 26:55 | Create | Archer ×5 |
| 27:29 | Create | Villager (Male) ×5 |
| 27:29 | Create | Villager (Male) ×2 |
| 27:34 | Build | University |
| 28:00 | Create | Archer ×5 |
| 28:00 | Create | Archer ×2 |
| 28:46 | Build | Castle |
| 28:54 | Create | Villager (Male) ×5 |
| 28:54 | Create | Villager (Male) ×5 |
| 28:56 | Build | Farm |
| 29:06 | Create | Villager (Male) ×2 |
| 29:13 | Build | Farm |
| 29:26 | Build | Mining Camp |
| 29:52 | Build | Farm |
| 29:52 | Build | Farm |
| 29:53 | Build | Farm |
| 30:30 | Research | Ballistics |
| 30:34 | Research | Bow Saw |
| 30:50 | Create | Villager (Male) ×5 |
| 31:19 | Build | Town Center |
| 32:29 | Research | Imperial Age |
Build order — Fred's real son
First 150 of 642 actions detected
| 0:00 | Create | Villager (Male) |
| 0:00 | Create | Villager (Male) |
| 0:02 | Build | House |
| 0:03 | Build | House |
| 0:07 | Create | Villager (Male) |
| 0:07 | Create | Villager (Male) |
| 0:07 | Create | Villager (Male) |
| 1:25 | Create | Villager (Male) |
| 1:58 | Create | Villager (Male) |
| 2:30 | Create | Villager (Male) |
| 2:30 | Create | Villager (Male) |
| 2:53 | Create | Villager (Male) |
| 2:54 | Create | Villager (Male) |
| 2:54 | Create | Villager (Male) |
| 3:02 | Build | Lumber Camp |
| 3:08 | Create | Villager (Male) |
| 3:08 | Create | Villager (Male) |
| 3:48 | Create | Villager (Male) |
| 3:48 | Create | Villager (Male) |
| 3:51 | Build | House |
| 4:08 | Create | Villager (Male) |
| 4:08 | Create | Villager (Male) |
| 5:13 | Create | Villager (Male) |
| 5:13 | Create | Villager (Male) |
| 5:24 | Create | Villager (Male) |
| 5:25 | Create | Villager (Male) |
| 5:25 | Create | Villager (Male) |
| 5:36 | Build | Mill |
| 6:11 | Research | Feudal Age |
| 7:24 | Create | Villager (Male) |
| 7:27 | Build | House |
| 7:34 | Build | Palisade Wall |
| 8:04 | Build | House |
| 8:25 | Age | Feudal Age |
| 8:27 | Build | Town Center |
| 8:34 | Research | Double-Bit Axe |
| 8:34 | Research | Double-Bit Axe |
| 8:35 | Research | Double-Bit Axe |
| 8:36 | Create | Villager (Male) |
| 8:49 | Build | House |
| 9:12 | Create | Villager (Male) |
| 9:21 | Create | Villager (Male) |
| 9:24 | Build | House |
| 9:53 | Build | House |
| 9:54 | Create | Villager (Male) |
| 9:58 | Research | Horse Collar |
| 9:58 | Research | Horse Collar |
| 10:13 | Create | Villager (Male) |
| 10:17 | Build | House |
| 10:26 | Build | House |
| 10:31 | Create | Villager (Male) |
| 10:43 | Create | Villager (Male) |
| 10:44 | Create | Villager (Male) |
| 10:46 | Build | House |
| 10:48 | Build | Farm |
| 10:52 | Build | Farm |
| 11:05 | Create | Villager (Male) |
| 11:06 | Create | Villager (Male) |
| 11:08 | Build | House |
| 11:09 | Build | House |
| 11:13 | Build | Palisade Wall |
| 11:18 | Build | Farm |
| 11:23 | Build | Farm |
| 11:32 | Build | Farm |
| 11:34 | Create | Villager (Male) |
| 11:45 | Build | Farm |
| 11:46 | Create | Villager (Male) |
| 11:54 | Build | Farm |
| 11:55 | Create | Villager (Male) |
| 11:55 | Create | Villager (Male) |
| 12:06 | Build | Farm |
| 12:15 | Build | House |
| 12:18 | Create | Villager (Male) |
| 12:33 | Create | Villager (Male) |
| 12:38 | Build | Farm |
| 12:42 | Build | Farm |
| 12:44 | Build | Farm |
| 12:44 | Create | Villager (Male) |
| 12:51 | Build | House |
| 12:55 | Build | House |
| 12:58 | Build | Farm |
| 13:01 | Create | Villager (Male) |
| 13:02 | Create | Villager (Male) |
| 13:07 | Build | Farm |
| 13:09 | Build | Farm |
| 13:16 | Create | Villager (Male) |
| 13:16 | Create | Villager (Male) |
| 13:17 | Create | Villager (Male) |
| 13:20 | Build | House |
| 13:26 | Build | Mining Camp |
| 13:30 | Create | Villager (Male) |
| 13:32 | Build | House |
| 13:39 | Create | Villager (Male) |
| 13:52 | Build | Farm |
| 13:54 | Create | Villager (Male) |
| 13:57 | Create | Villager (Male) |
| 13:58 | Build | House |
| 14:04 | Build | House |
| 14:05 | Create | Villager (Male) |
| 14:20 | Research | Wheelbarrow |
| 14:20 | Research | Wheelbarrow |
| 14:27 | Build | Farm |
| 14:30 | Build | Farm |
| 14:33 | Build | House |
| 14:36 | Build | House |
| 14:40 | Create | Villager (Male) |
| 14:50 | Create | Villager (Male) |
| 15:02 | Build | Palisade Wall |
| 15:03 | Build | Palisade Wall |
| 15:11 | Create | Villager (Male) |
| 15:21 | Build | Farm |
| 15:24 | Build | Farm |
| 15:27 | Build | Farm |
| 15:27 | Create | Villager (Male) |
| 15:30 | Build | Farm |
| 15:34 | Build | Market |
| 15:39 | Create | Villager (Male) |
| 15:39 | Create | Villager (Male) |
| 15:58 | Build | Farm |
| 16:00 | Create | Villager (Male) |
| 16:02 | Create | Villager (Male) |
| 16:05 | Research | Gold Mining |
| 16:19 | Build | Blacksmith |
| 16:26 | Build | Farm |
| 16:32 | Create | Villager (Male) |
| 16:42 | Create | Villager (Male) |
| 16:50 | Build | Farm |
| 17:05 | Create | Villager (Male) |
| 17:05 | Create | Villager (Male) |
| 17:06 | Create | Villager (Male) |
| 17:13 | Build | House |
| 17:25 | Create | Villager (Male) |
| 17:36 | Build | Farm |
| 17:48 | Build | House |
| 17:48 | Build | House |
| 17:51 | Research | Castle Age |
| 17:51 | Research | Castle Age |
| 17:57 | Build | Farm |
| 17:59 | Build | Farm |
| 18:02 | Build | Farm |
| 18:06 | Research | Loom |
| 18:19 | Create | Villager (Male) |
| 18:21 | Build | Barracks |
| 18:34 | Research | Scale Barding Armor |
| 18:41 | Build | Mining Camp |
| 19:12 | Create | Villager (Male) |
| 19:22 | Build | Stable |
| 19:25 | Build | Stable |
| 19:30 | Build | Stable |
| 19:38 | Build | Stable |
Build order — 禱已祈火槍冰
150 actions detected in the replay
| 0:02 | Build | House |
| 0:04 | Build | House |
| 0:06 | Create | Villager (Male) ×5 |
| 2:00 | Create | Villager (Male) |
| 2:29 | Create | Villager (Male) |
| 2:29 | Create | Villager (Male) |
| 2:49 | Create | Villager (Male) |
| 3:34 | Create | Villager (Male) |
| 3:35 | Create | Villager (Male) |
| 3:35 | Create | Villager (Male) |
| 3:38 | Build | House |
| 3:40 | Build | House |
| 4:38 | Build | Lumber Camp |
| 5:13 | Create | Villager (Male) ×5 |
| 5:51 | Build | Mill |
| 7:09 | Build | Farm |
| 7:11 | Build | Farm |
| 7:21 | Create | Villager (Male) ×5 |
| 8:05 | Research | Feudal Age |
| 8:22 | Build | Farm |
| 9:06 | Build | Mining Camp |
| 10:19 | Create | Villager (Male) |
| 10:19 | Create | Villager (Male) |
| 10:29 | Build | House |
| 10:30 | Build | House |
| 11:24 | Age | Feudal Age |
| 11:29 | Build | Market |
| 11:34 | Build | Blacksmith |
| 11:57 | Build | Farm |
| 12:18 | Research | Castle Age |
| 12:23 | Build | Farm |
| 12:31 | Build | Farm |
| 12:40 | Research | Double-Bit Axe |
| 13:39 | Build | Barracks |
| 14:12 | Create | Villager (Male) |
| 14:12 | Create | Villager (Male) |
| 14:43 | Age | Castle Age |
| 14:50 | Build | Stable |
| 14:51 | Build | Stable |
| 14:55 | Create | Villager (Male) |
| 14:57 | Research | Scale Barding Armor |
| 15:27 | Create | Villager (Male) |
| 15:53 | Create | Knight |
| 15:53 | Create | Knight |
| 16:00 | Build | Farm |
| 16:03 | Build | Farm |
| 16:04 | Build | Farm |
| 16:07 | Build | Farm |
| 16:14 | Build | Farm |
| 16:16 | Create | Villager (Male) |
| 16:16 | Create | Villager (Male) |
| 16:29 | Research | Bloodlines |
| 16:33 | Build | Farm |
| 16:42 | Build | House |
| 16:44 | Build | House |
| 16:51 | Create | Knight |
| 16:52 | Create | Knight |
| 17:29 | Create | Knight ×2 |
| 17:39 | Build | Farm |
| 17:41 | Build | Farm |
| 17:47 | Create | Villager (Male) |
| 18:15 | Create | Knight |
| 18:17 | Create | Villager (Male) |
| 18:26 | Build | Town Center |
| 18:49 | Build | Farm |
| 18:53 | Create | Villager (Male) |
| 18:55 | Create | Knight |
| 18:56 | Create | Knight |
| 19:36 | Create | Villager (Male) |
| 19:36 | Create | Villager (Male) |
| 20:09 | Build | House |
| 20:11 | Build | House |
| 20:12 | Build | House |
| 20:13 | Build | House |
| 20:15 | Create | Villager (Male) |
| 20:21 | Create | Knight |
| 20:21 | Create | Knight |
| 20:22 | Create | Villager (Male) |
| 20:24 | Create | Villager (Male) |
| 20:25 | Create | Villager (Male) |
| 20:35 | Build | Farm |
| 20:36 | Build | Farm |
| 20:40 | Build | Farm |
| 21:28 | Build | Farm |
| 21:30 | Build | Farm |
| 21:31 | Create | Villager (Male) |
| 21:32 | Create | Villager (Male) |
| 21:36 | Create | Villager (Male) |
| 21:36 | Create | Villager (Male) |
| 21:39 | Build | Farm |
| 21:41 | Build | Farm |
| 21:45 | Build | Farm |
| 21:46 | Build | Farm |
| 21:49 | Build | Farm |
| 21:53 | Create | Knight ×5 |
| 22:34 | Create | Knight ×2 |
| 22:51 | Create | Villager (Male) |
| 22:52 | Create | Villager (Male) ×5 |
| 22:57 | Research | Loom |
| 23:12 | Build | Mining Camp |
| 23:23 | Create | Knight ×2 |
| 23:30 | Build | House |
| 23:31 | Build | House |
| 23:34 | Build | House |
| 23:39 | Build | House |
| 23:42 | Build | House |
| 23:46 | Create | Villager (Male) ×5 |
| 24:29 | Create | Camel Scout ×4 |
| 24:30 | Create | Camel Scout ×4 |
| 24:47 | Build | Stable |
| 24:52 | Create | Villager (Male) |
| 24:52 | Create | Villager (Male) |
| 24:55 | Create | Villager (Male) |
| 24:55 | Create | Villager (Male) |
| 25:16 | Create | Knight |
| 25:16 | Create | Camel Scout |
| 25:18 | Create | Camel Scout |
| 25:21 | Create | Villager (Male) |
| 25:38 | Create | Camel Scout |
| 25:54 | Build | House |
| 25:55 | Build | House |
| 25:56 | Build | House |
| 25:59 | Build | House |
| 26:00 | Build | House |
| 26:01 | Build | House |
| 26:02 | Build | House |
| 26:02 | Build | House |
| 26:17 | Research | Chain Barding Armor |
| 26:18 | Research | Chain Barding Armor |
| 26:19 | Create | Villager (Male) |
| 26:19 | Create | Villager (Male) |
| 26:23 | Create | Camel Scout |
| 26:48 | Create | Camel Scout |
| 26:48 | Create | Knight |
| 26:50 | Create | Camel Scout |
| 26:54 | Create | Villager (Male) |
| 27:56 | Create | Camel Scout |
| 27:56 | Create | Knight |
| 27:58 | Create | Camel Scout |
| 27:59 | Create | Knight |
| 28:01 | Create | Villager (Male) |
| 28:01 | Create | Villager (Male) |
| 28:01 | Create | Villager (Male) |
| 28:07 | Create | Knight |
| 28:09 | Create | Camel Scout |
| 28:17 | Build | Town Center |
| 28:52 | Create | Camel Scout ×5 |
| 29:32 | Create | Camel Scout ×5 |
| 30:17 | Create | Camel Scout ×2 |
| 30:20 | Research | Forging |
Build order — argum
First 150 of 324 actions detected
| 0:02 | Create | Villager (Male) ×4 |
| 0:03 | Build | House |
| 0:05 | Build | House |
| 1:33 | Create | Villager (Male) |
| 2:14 | Build | Lumber Camp |
| 2:15 | Create | Villager (Male) |
| 2:55 | Create | Villager (Male) |
| 2:55 | Create | Villager (Male) |
| 2:56 | Create | Villager (Male) |
| 4:04 | Build | House |
| 4:05 | Build | House |
| 4:11 | Create | Villager (Male) |
| 4:39 | Create | Villager (Male) |
| 4:39 | Create | Villager (Male) |
| 5:03 | Build | Mill |
| 5:03 | Create | Villager (Male) |
| 5:21 | Create | Villager (Male) |
| 5:46 | Build | House |
| 5:57 | Create | Villager (Male) |
| 5:59 | Create | Villager (Male) |
| 6:22 | Build | House |
| 6:32 | Create | Villager (Male) |
| 7:44 | Research | Feudal Age |
| 8:19 | Build | Mining Camp |
| 8:50 | Create | Villager (Male) |
| 9:03 | Build | Barracks |
| 9:54 | Age | Feudal Age |
| 9:55 | Build | Palisade Gate |
| 9:57 | Research | Double-Bit Axe |
| 10:10 | Build | Market |
| 10:16 | Create | Villager (Male) |
| 10:23 | Create | Villager (Male) |
| 10:31 | Build | Archery Range |
| 11:07 | Build | Archery Range |
| 11:09 | Create | Villager (Male) |
| 11:14 | Create | Archer |
| 11:36 | Create | Villager (Male) |
| 11:44 | Build | Archery Range |
| 11:50 | Create | Villager (Male) |
| 12:16 | Build | Blacksmith |
| 12:20 | Create | Archer |
| 12:23 | Create | Archer |
| 12:23 | Create | Archer |
| 12:29 | Create | Villager (Male) |
| 12:44 | Build | House |
| 12:56 | Create | Villager (Male) |
| 12:59 | Research | Fletching |
| 13:01 | Create | Archer |
| 13:01 | Create | Archer |
| 13:06 | Build | House |
| 13:10 | Create | Archer |
| 13:28 | Create | Archer |
| 13:46 | Build | Market |
| 13:47 | Create | Villager (Male) |
| 13:48 | Create | Villager (Male) |
| 14:06 | Create | Archer |
| 14:08 | Research | Padded Archer Armor |
| 14:09 | Create | Villager (Male) |
| 14:13 | Build | Mining Camp |
| 14:27 | Create | Archer |
| 14:27 | Create | Archer |
| 14:29 | Build | Farm |
| 14:52 | Build | House |
| 15:00 | Create | Archer |
| 15:09 | Build | House |
| 15:12 | Create | Archer |
| 15:12 | Create | Archer |
| 15:20 | Research | Loom |
| 15:36 | Create | Archer |
| 15:37 | Create | Villager (Male) |
| 15:47 | Research | Gold Mining |
| 16:02 | Build | House |
| 16:04 | Build | House |
| 16:16 | Create | Archer |
| 16:16 | Create | Archer |
| 16:25 | Create | Archer |
| 16:25 | Create | Archer |
| 16:50 | Create | Villager (Male) |
| 17:01 | Build | House |
| 17:03 | Build | Market |
| 17:05 | Build | House |
| 17:07 | Create | Villager (Male) |
| 17:33 | Create | Archer |
| 17:34 | Create | Archer |
| 17:34 | Create | Archer |
| 17:53 | Create | Archer |
| 17:55 | Create | Archer |
| 18:37 | Create | Archer |
| 18:38 | Create | Archer |
| 18:38 | Create | Villager (Male) |
| 19:23 | Create | Spearman |
| 19:24 | Create | Archer |
| 19:28 | Create | Villager (Male) |
| 19:45 | Build | Farm |
| 19:46 | Build | Farm |
| 19:47 | Build | Farm |
| 19:49 | Build | Farm |
| 19:50 | Build | Farm |
| 19:50 | Build | Farm |
| 20:01 | Create | Villager (Male) |
| 20:14 | Build | Market |
| 20:38 | Build | Market |
| 20:55 | Create | Villager (Male) |
| 21:06 | Build | Market |
| 21:14 | Build | Farm |
| 21:20 | Build | Market |
| 21:35 | Build | Market |
| 21:38 | Create | Villager (Male) |
| 21:47 | Research | Castle Age |
| 21:58 | Build | Market |
| 22:05 | Build | Market |
| 22:26 | Create | Archer |
| 22:31 | Create | Archer |
| 22:55 | Create | Archer |
| 22:58 | Create | Archer |
| 22:59 | Create | Archer |
| 23:01 | Create | Archer |
| 23:07 | Create | Spearman |
| 23:25 | Create | Archer |
| 23:29 | Build | Farm |
| 23:30 | Build | Farm |
| 23:32 | Build | Farm |
| 23:51 | Create | Archer |
| 24:03 | Create | Villager (Male) |
| 24:27 | Age | Castle Age |
| 24:37 | Build | Monastery |
| 24:54 | Create | Villager (Male) |
| 25:00 | Build | Castle |
| 25:09 | Research | Gold Shaft Mining |
| 25:41 | Create | Villager (Male) |
| 25:47 | Build | Farm |
| 25:49 | Build | Farm |
| 25:50 | Build | Farm |
| 25:50 | Build | Farm |
| 26:21 | Create | Mameluke |
| 26:24 | Create | Monk |
| 26:27 | Create | Villager (Male) |
| 26:49 | Create | Mameluke |
| 26:55 | Create | Villager (Male) |
| 27:08 | Build | House |
| 27:19 | Create | Villager (Male) |
| 27:22 | Build | Town Center |
| 27:30 | Build | Market |
| 27:43 | Create | Villager (Male) |
| 28:01 | Create | Villager (Male) |
| 28:01 | Create | Villager (Male) |
| 28:01 | Create | Villager (Male) |
| 28:05 | Build | Market |
| 28:18 | Create | Villager (Male) |
| 28:37 | Create | Villager (Male) |
Build order — 香港艾森豪
First 150 of 341 actions detected
| 0:03 | Build | House |
| 0:03 | Create | Villager (Male) |
| 0:03 | Create | Villager (Male) |
| 0:04 | Create | Villager (Male) |
| 0:04 | Create | Villager (Male) |
| 0:08 | Build | House |
| 0:09 | Build | House |
| 0:23 | Build | House |
| 0:24 | Build | House |
| 0:25 | Build | House |
| 1:40 | Create | Villager (Male) |
| 2:00 | Build | Lumber Camp |
| 2:15 | Create | Villager (Male) |
| 2:43 | Create | Villager (Male) |
| 3:06 | Create | Villager (Male) |
| 3:25 | Create | Villager (Male) |
| 4:05 | Create | Villager (Male) |
| 4:36 | Create | Villager (Male) |
| 4:36 | Create | Villager (Male) |
| 4:36 | Create | Villager (Male) |
| 5:06 | Build | Mill |
| 5:09 | Create | Villager (Male) |
| 5:14 | Create | Villager (Male) |
| 5:31 | Create | Villager (Male) |
| 5:39 | Create | Villager (Male) |
| 6:26 | Create | Villager (Male) |
| 6:43 | Create | Villager (Male) |
| 6:43 | Create | Villager (Male) |
| 6:54 | Create | Villager (Male) |
| 7:09 | Build | Lumber Camp |
| 7:16 | Build | House |
| 7:17 | Build | House |
| 7:22 | Create | Villager (Male) |
| 7:53 | Create | Villager (Male) |
| 7:58 | Create | Villager (Male) |
| 8:03 | Create | Villager (Male) |
| 8:05 | Create | Villager (Male) |
| 8:05 | Create | Villager (Male) |
| 8:57 | Build | Barracks |
| 9:40 | Build | Mining Camp |
| 9:57 | Research | Feudal Age |
| 9:59 | Research | Loom |
| 10:10 | Build | Farm |
| 10:10 | Build | Farm |
| 10:10 | Build | Farm |
| 10:11 | Build | Farm |
| 10:11 | Build | Farm |
| 10:11 | Build | Farm |
| 10:12 | Build | Farm |
| 10:28 | Build | Farm |
| 11:02 | Create | Villager (Male) |
| 11:02 | Create | Villager (Male) |
| 11:36 | Build | Farm |
| 11:44 | Build | Farm |
| 11:55 | Build | Farm |
| 11:57 | Build | Farm |
| 13:26 | Age | Feudal Age |
| 13:33 | Build | Blacksmith |
| 13:42 | Build | Market |
| 13:53 | Research | Double-Bit Axe |
| 14:06 | Build | Mining Camp |
| 14:32 | Research | Castle Age |
| 14:39 | Research | Horse Collar |
| 14:58 | Research | Stone Mining |
| 15:00 | Research | Arson |
| 15:17 | Research | Scale Mail Armor |
| 15:53 | Research | Wheelbarrow |
| 16:09 | Build | House |
| 16:58 | Research | Gold Mining |
| 17:21 | Age | Castle Age |
| 17:26 | Build | Farm |
| 17:26 | Build | Farm |
| 17:26 | Build | Farm |
| 17:26 | Build | Farm |
| 17:29 | Research | Chain Mail Armor |
| 17:41 | Build | Siege Workshop |
| 17:49 | Build | Castle |
| 18:01 | Create | Villager (Male) |
| 18:01 | Create | Villager (Male) |
| 18:05 | Research | Squires |
| 18:15 | Research | Forging |
| 18:30 | Research | Bow Saw |
| 18:39 | Create | Villager (Male) |
| 18:58 | Create | Villager (Male) |
| 19:05 | Create | Battering Ram |
| 19:16 | Create | Villager (Male) |
| 19:29 | Create | Villager (Male) |
| 20:00 | Create | Villager (Male) |
| 20:02 | Create | Samurai |
| 20:06 | Create | Samurai |
| 20:16 | Create | Samurai |
| 20:25 | Create | Villager (Male) |
| 20:28 | Create | Villager (Male) |
| 20:29 | Create | Samurai |
| 20:35 | Create | Samurai |
| 20:46 | Create | Villager (Male) |
| 21:04 | Create | Samurai |
| 21:06 | Create | Battering Ram |
| 21:11 | Create | Samurai |
| 21:16 | Create | Samurai |
| 21:29 | Create | Villager (Male) |
| 21:34 | Build | House |
| 21:35 | Build | House |
| 21:36 | Create | Samurai |
| 21:53 | Create | Samurai |
| 22:00 | Create | Battering Ram |
| 22:03 | Create | Samurai |
| 22:06 | Create | Villager (Male) |
| 22:11 | Create | Villager (Male) |
| 22:17 | Create | Samurai |
| 22:20 | Create | Samurai |
| 22:33 | Create | Battering Ram |
| 22:44 | Build | Farm |
| 22:46 | Create | Villager (Male) |
| 22:51 | Create | Samurai |
| 22:53 | Create | Samurai |
| 22:56 | Create | Samurai |
| 22:57 | Create | Samurai |
| 23:07 | Create | Samurai |
| 23:19 | Create | Samurai |
| 23:21 | Create | Samurai |
| 23:25 | Create | Villager (Male) |
| 23:28 | Create | Samurai |
| 23:28 | Create | Samurai |
| 23:45 | Create | Samurai |
| 23:57 | Build | Town Center |
| 23:58 | Create | Villager (Male) |
| 23:58 | Create | Villager (Male) |
| 24:05 | Create | Samurai |
| 24:05 | Create | Samurai |
| 24:11 | Build | House |
| 24:49 | Create | Samurai |
| 24:49 | Create | Samurai |
| 24:51 | Create | Battering Ram |
| 24:51 | Create | Battering Ram |
| 24:58 | Create | Villager (Male) |
| 25:09 | Create | Samurai |
| 25:09 | Create | Samurai |
| 25:12 | Build | House |
| 25:13 | Build | House |
| 25:14 | Build | House |
| 25:15 | Create | Villager (Male) |
| 25:16 | Create | Villager (Male) |
| 25:24 | Create | Samurai |
| 25:26 | Create | Battering Ram |
| 26:23 | Create | Villager (Male) |
| 26:28 | Build | Siege Workshop |
| 26:37 | Build | House |
| 26:38 | Build | House |
| 26:58 | Create | Villager (Male) ×5 |
Match timeline
| 7:34 | Fred's real son · wall_segment Palisade Wall x1 |
| 7:49 | 香港招商局陳局長 · first_building Barracks |
| 8:25 | Fred's real son · age_up feudal |
| 8:38 | Steven S Lee · first_building Barracks |
| 8:57 | 香港艾森豪 · first_building Barracks |
| 9:03 | argum · first_building Barracks |
| 9:16 | 香港招商局陳局長 · age_up feudal |
| 9:21 | 香港招商局陳局長 · first_building Archery Range |
| 9:54 | argum · age_up feudal |
| 10:31 | argum · first_building Archery Range |
| 10:32 | Steven S Lee · age_up feudal |
| 11:13 | Fred's real son · wall_segment Palisade Wall x1 |
| 11:24 | 禱已祈火槍冰 · age_up feudal |
| 11:24 | argum · first_market_sell 100 stone |
| 12:04 | Steven S Lee · first_market_sell 100 stone |
| 12:05 | Steven S Lee · first_market_buy 100 food |
| 12:22 | argum · first_market_buy 100 wood |
| 13:26 | 香港艾森豪 · age_up feudal |
| 13:39 | 禱已祈火槍冰 · first_building Barracks |
| 14:43 | 禱已祈火槍冰 · age_up castle |
| 14:50 | Steven S Lee · first_building Stable |
| 14:50 | 禱已祈火槍冰 · first_building Stable |
| 15:00 | Steven S Lee · age_up castle |
| 15:02 | Fred's real son · wall_segment Palisade Wall x1 |
| 15:03 | Fred's real son · wall_segment Palisade Wall x1 |
| 16:37 | Steven S Lee · first_building Castle |
| 17:21 | 香港艾森豪 · age_up castle |
| 17:41 | 香港艾森豪 · first_building Siege Workshop |
| 17:49 | 香港艾森豪 · first_building Castle |
| 18:21 | Fred's real son · first_building Barracks |
| 19:22 | Fred's real son · first_building Stable |
| 19:35 | 禱已祈火槍冰 · first_market_sell 100 stone |
| 20:31 | Fred's real son · age_up castle |
| 24:27 | argum · age_up castle |
| 24:37 | argum · first_building Monastery |
| 24:52 | 香港招商局陳局長 · age_up castle |
| 25:00 | argum · first_building Castle |
| 28:30 | 香港艾森豪 · wall_segment Stone Wall x4 |
| 28:46 | 香港招商局陳局長 · first_building Castle |
| 31:54 | 香港招商局陳局長 · first_market_buy 100 food |
| 32:53 | 香港招商局陳局長 · wall_segment Stone Wall x1 |
| 32:55 | 香港招商局陳局長 · wall_segment Stone Wall x1 |
| 33:02 | 香港招商局陳局長 · first_market_sell 500 wood |
| 33:28 | 香港招商局陳局長 · wall_segment Stone Wall x12 |
| 33:46 | 香港招商局陳局長 · wall_segment Stone Wall x11 |
| 33:57 | 香港招商局陳局長 · wall_segment Stone Wall x8 |
| 34:04 | Fred's real son · first_market_sell 500 wood |
| 34:21 | Steven S Lee · tribute_sent a jugador 2 |
| 34:21 | Steven S Lee · tribute_sent a jugador 3 |
| 34:21 | Steven S Lee · tribute_sent a jugador 4 |
| 34:21 | Steven S Lee · tribute_sent a jugador 5 |
| 34:21 | Steven S Lee · tribute_sent a jugador 6 |
| 34:25 | argum · tribute_sent a jugador 1 |
| 34:25 | argum · tribute_sent a jugador 2 |
| 34:25 | argum · tribute_sent a jugador 3 |
| 34:25 | argum · tribute_sent a jugador 4 |
| 34:25 | argum · tribute_sent a jugador 6 |
| 34:52 | Fred's real son · first_building Monastery |
| 35:39 | 香港招商局陳局長 · age_up imperial |
| 36:02 | 香港招商局陳局長 · wall_segment Stone Wall x2 |
| 38:28 | Fred's real son · age_up imperial |
| 39:41 | 香港招商局陳局長 · wall_segment Stone Wall x1 |
| 40:01 | argum · age_up imperial |
| 40:30 | argum · first_building Siege Workshop |
| 42:19 | 香港艾森豪 · first_market_buy 500 food |
| 44:46 | 香港招商局陳局長 · wall_segment Stone Wall x4 |
| 46:03 | 香港艾森豪 · age_up imperial |
| 47:48 | 香港艾森豪 · wall_segment Stone Wall x8 |
| 48:06 | argum · tribute_sent a jugador 1 |
| 48:06 | argum · tribute_sent a jugador 2 |
| 48:06 | argum · tribute_sent a jugador 3 |
| 48:06 | argum · tribute_sent a jugador 4 |
| 48:06 | argum · tribute_sent a jugador 6 |
| 48:11 | Fred's real son · tribute_sent a jugador 1 |
| 48:11 | Fred's real son · tribute_sent a jugador 2 |
| 48:11 | Fred's real son · tribute_sent a jugador 4 |
| 48:11 | Fred's real son · tribute_sent a jugador 5 |
| 48:11 | Fred's real son · tribute_sent a jugador 6 |
| 51:42 | Steven S Lee · resign |
[ AI ANALYSIS · 1 CREDIT ]
What really happened in this match?
Wolo.gg analyzes every decision: build order, eco, micro, common mistakes by bracket. Personalized analysis on WhatsApp or Discord in 30 seconds.
Civ guide
Georgians
Perfil
Jugador #192768